 Dungeon Crawl Stone Soup version 0.19.1-1-g22dce08 (webtiles) character file.

28 godfroggy the Vexing (level 2, 0/19 HPs)
             Began as a Vampire Enchanter on Jan 6, 2017.
             Slain by an adder (2 damage)
             ... on level 2 of the Dungeon.
             The game lasted 00:04:44 (1735 turns).

godfroggy the Vexing (Vampire Enchanter)            Turns: 1735, Time: 00:04:45

Health: 0/19       AC:  3    Str:  7    XL:     2   Next: 96%
Magic:  5/5        EV: 12    Int: 17    God:
Gold:   78         SH:  0    Dex: 14    Spells: 1 memorised, 4 levels left

rFire  . . .     SeeInvis +     a - +1 dagger
rCold  + . .     Gourm    .     b - +1 robe
rNeg   + + .     Faith    .     (no shield)
rPois  +         Spirit   .     (no helmet)
rElec  .         Reflect  .     (no cloak)
rCorr  .         Harm     .     (no gloves)
MR     .....                    (no boots)
Stlth  ++++......               (no amulet)
                                (no ring)
                                (no ring)

@: lethally poisoned (0 -> -2), regenerating slowly
A: fangs 3, see invisible, unbreathing
a: no special abilities


You were on level 2 of the Dungeon.
You were thirsty.

You visited 1 branch of the dungeon, and saw 2 of its levels.

You collected 78 gold pieces.

Inventory:

Hand Weapons
 a - a +1 dagger (weapon)
 f - a cursed -2 short sword
Armour
 b - a +1 robe (worn)
Potions
 d - a potion of blood
 e - 4 potions of might {unknown}
 g - a potion of ambrosia
 i - a potion of invisibility {unknown}
 j - a potion of heal wounds {unknown}
 k - a potion of brilliance {unknown}
 l - a potion of curing {unknown}
Books
 c - a book of Maledictions

   Spells                             Type                      Level
   a - Corona                         Hexes                        1
   b - Ensorcelled Hibernation        Hexes/Ice                    2
   c - Confuse                        Hexes                        3
   d - Tukima's Dance                 Hexes                        3
   e - Dazzling Spray                 Conjuration/Hexes            3


   Skills:
 + Level 3.2 Short Blades
 - Level 2.1 Dodging
 - Level 4.4 Stealth
 - Level 2.0 Spellcasting
 - Level 4.4 Hexes


You had 4 spell levels left.
You knew the following spells:

 Your Spells              Type           Power        Failure   Level  Hunger
a - Corona                Hex            ###....      3%          1    #......


Dungeon Overview and Level Annotations

Branches:
Dungeon (2/15)

Altars:


Innate Abilities, Weirdness & Mutations

You heal slowly.
You have razor-sharp teeth.
You have supernaturally acute eyesight. (SInv)
You can survive without breathing.


Message History

You barely miss the adder. You bite the adder.
You draw the adder's blood!
You feel better.
You feel slightly less thirsty.
The adder is moderately wounded.
The adder bites you.
You hit the adder but do no damage.
The adder is moderately wounded.
The adder bites you.
* * * LOW HITPOINT WARNING * * *
The adder closely misses you.
Sorry, you're not good enough to have a special ability.
Wield which item (- for none, * to show all)? (? for menu, Esc to quit)
Okay, then.
Okay, then.
Okay, then.
* * * LOW HITPOINT WARNING * * *
You feel sick.
You miss the adder.
The adder is moderately wounded.
The adder bites you.
You die...

##......>......##..........####..
..........####.#####.............
.....###..####..# #.............
.....#......%.#.## #.............
.....#........#..# #.............
.....#........##.# #.............
.....#........##.# #.............
.....#........##S# #...........##
.....###..######@# #.............
.....###..######.###.............
..............##..######+######..
.....###..###.###.####**,*****#..
##.### #....#,* #....#,,...,,,###
#.# #....#,* ##...#......,,* #.#
#....#,* #..>#......,,* #.#
#....#,* #...#......,,* #.#
#....#,* ###'##......,,*


You could see an adder.

Vanquished Creatures
  An adder (D:2)
  5 bats
  A giant cockroach (D:1)
  A goblin (D:2)
  3 jackals (D:2)
  2 kobolds
  3 frilled lizards (D:2)
  3 rats
19 creatures vanquished.

Notes
Turn   | Place    | Note
-------+----------+-------------------------------------------
     0 | D:1      | godfroggy the Vampire Enchanter began the quest for the Orb.
     0 | D:1      | Reached XP level 1. HP: 13/13 MP: 3/3
   685 | D:2      | Reached XP level 2. HP: 19/19 MP: 5/5
  1735 | D:2      | Slain by an adder

Skill      XL: |  1  2 |
---------------+-------+-----
Short Blades   | 2 3 |  3.2
Dodging        | |  2.1
Stealth        | |  4.4
Spellcasting   | |  2.0
Hexes          | |  4.4

Action                   || total
-------------------------++-------
Melee: Dagger            ||    72
       Bite              ||     2
 Cast: Corona            ||     3
  Use: Scroll            ||     4
 Stab: Sleeping          ||     7
  Eat: Corpse            ||     1
Armor: Robe              ||    25
Dodge: Dodged            ||    40
